 Dungeon Crawl Stone Soup version 0.30.1-9-gdf580d7c3d (webtiles) character file.

Game seed: 1428913405853502567

71 Otello the Chopper (level 4, -21/37 HPs)
             Began as a Hill Orc Reaver on Oct 14, 2023.
             Killed by an exploding adder (54 damage)
             ... ignited by their inner flame
             ... on level 3 of the Dungeon.
             The game lasted 00:37:18 (1875 turns).

Otello the Chopper (Hill Orc Reaver)                Turns: 1875, Time: 00:37:40

Health: -21/37     AC:  3    Str: 15 (16) XL:     4   Next: 24%
Magic:  6/6        EV: 11    Int: 12 (13) God:
Gold:   189        SH:  0    Dex:  7 (9)  Spells: 5/6 levels left

rFire   . . .        m - +2 hand axe (distort)
rCold   . . .        (no shield)
rNeg    . . .        b - +0 leather armour
rPois   .            (no helmet)
rElec   .            j - scarf {repulsion}
rCorr   .            (no gloves)
SInv    .            (no boots)
Will    .....        (no amulet)
Stlth   +            (no ring)
HPRegen 0.26/turn    (no ring)
MPRegen 0.10/turn

%: repel missiles
@: no status effects
A: no striking features
a: no special abilities


You were on level 3 of the Dungeon.
You visited 1 branch of the dungeon, and saw 3 of its levels.

You collected 233 gold pieces.
You spent 44 gold pieces at shops.

Inventory:

Hand Weapons
 a - a +0 hand axe
 m - a +2 hand axe of distortion (weapon)
Missiles
 c - 17 stones
Armour
 b - a +0 leather armour (worn)
 j - a scarf of repulsion (worn)
Magical Staves
 o - a staff of cold
Wands
 u - a wand of quicksilver (12)
Scrolls
 f - a scroll of enchant weapon {unknown}
 h - a scroll of noise
 i - 3 scrolls of teleportation {unknown}
 r - a scroll of silence {unknown}
 t - a scroll of fear {unknown}
Potions
 d - a potion of degeneration
 e - 2 potions of lignification {unknown}
 g - a potion of might {unknown}
 k - 2 potions of heal wounds {unknown}
 n - a potion of berserk rage {unknown}
 p - 2 potions of curing {unknown}
 q - a potion of ambrosia {unknown}
 s - a potion of magic {unknown}


   Skills:
 + Level 2.8 Fighting
 + Level 5.1 Axes
 + Level 1.4 Armour
 + Level 2.0 Dodging
 + Level 0.5 Stealth
 + Level 1.6 Spellcasting
 + Level 3.2 Conjurations


You had 5 spell levels left.
You knew the following spells:

 Your Spells              Type           Power      Damage    Failure   Level
a - Kiss of Death         Conj/Necr      16%        2d6       19%         1

Your spell library contained the following spells:

 Spells                   Type           Power      Damage    Failure   Level
 Momentum Strike          Conj/Tloc      8%         3d8       26%         2
 Sandblast                Erth           0%         2d4       34%         1
 Passwall                 Tmut/Erth      0%         N/A       47%         2
 Hailstorm                Conj/Ice       4%         3d4       47%         3
 Stone Arrow              Conj/Erth      8%         3d7       47%         3


Dungeon Overview and Level Annotations

Branches:
Dungeon (3/15)

Altars:

Shops:
D:1 *

Annotations:
D:3 2 transporters, TowerOfEmptiness's ghost, amateur DrFE


Message History

The adder bites you.
You barely miss the adder.
The adder is heavily wounded.
The adder barely misses you. The adder misses you.
You hit the adder.
Space warps around the adder.
You kill the adder!
You barely miss the ball python. The ball python closely misses you.
The ball python barely misses you.
You slash the ball python!
You kill the ball python!
You feel your strength returning.
Found a wand of quicksilver (12).
Found an ichor-stained ring mail.
u - a wand of quicksilver (12)
Found a book of Geomancy and a viscous clear potion.
Okay, then.
Okay, then.
You see here the +0 ring mail of the Sunfish {Int+3 Dex-3}.
Okay, then.
Found a stone staircase leading up.
A jelly and an adder come into view.
The jelly quivers.
The adder hisses angrily.
Read: scroll of immolation
Press: ? - help, Q - select action, (/) - cycle Dir - look around, f - activate Look: a jelly (susceptible)
As you read the scroll of immolation, it crumbles to dust.
The creatures around you are filled with an inner flame!
You see here a book of Geomancy.
You pick up a book of Geomancy and begin reading...
You add the spells Sandblast, Passwall and Stone Arrow to your library.
You closely miss the adder. The adder barely misses you.
You slash the adder!
Flame seeps out of the adder.
Space warps around the adder.
You hit the jelly.
Flame seeps out of the jelly.
Space warps horribly around the jelly!
Flame seeps out of the jelly.
Your hands burn!
The adder explodes!
The fiery explosion engulfs you!!!
Ouch! That really hurt!
You die...

..#.≈≈# ##≈≈.......... . #
#.≈≈≈≈≈≈≈≈~≈
≈≈≈≈≈..#.....##.. ##..≈≈
≈≈≈≈≈~≈≈≈≈≈≈≈≈........# ..
......
...............#.....$##..
..## ...... ..............
..# ...<. ....... ..# #..#
....... ..# #..###.....#
..# #..§○@#
..###########.##J#.#
..........[..J.....#
##..........##....##
#..........##.......
#..........##.....##
#...................
########...........#
.!..........#


You could see a jelly (inner flame).

Vanquished Creatures
  3 adders (D:3)
  2 orcs (D:3)
  A ball python (D:3)
  2 endoplasms
  6 giant cockroaches
  7 goblins
  3 hobgoblins
  5 jackals
  2 kobolds
  A quokka (D:1)
  3 bats
  7 frilled lizards
  A rat (D:2)
43 creatures vanquished.

Notes
Turn   | Place    | Note
-------+----------+-------------------------------------------
     0 | D:1      | Otello the Hill Orc Reaver began the quest for the Orb.
     0 | D:1      | Reached XP level 1. HP: 18/18 MP: 3/3
    49 | D:1      | Reached XP level 2. HP: 10/25 MP: 4/4
   199 | D:1      | Found Xeoss's General Store.
   679 | D:1      | Bought a scroll of immolation for 44 gold pieces
   877 | D:2      | Reached XP level 3. HP: 30/30 MP: 5/5
  1663 | D:3      | Reached skill level 5 in Axes
  1663 | D:3      | Reached skill level 1 in Armour
  1673 | D:3      | Found a faded altar of an unknown god.
  1746 | D:3      | Reached XP level 4. HP: 34/37 MP: 6/6
  1779 | D:3      | Noticed TowerOfEmptiness's ghost (amateur DrFE)
  1796 | D:3      | Found a transporter.
  1799 | D:3      | Identified the +6 spear of Kiler {venom, rN+}
  1802 | D:3      | Found a transporter.
  1864 | D:3      | Identified the +0 ring mail of the Sunfish {Int+3 Dex-3}
  1875 | D:3      | Killed by an exploding adder... ignited by their inner
                  | flame

Illustrated notes

Levels and vault maps discovered:
D:1:      roderic_crop_circles_arrival_small, layout_rooms, serial_shops, shop,
          kennysheep_small_spiral
D:2:      minmay_skewed_foursquare, layout_loops_ring, minmay_misc_feat_hallway,
          minmay_worlds_worst_comb
D:3:      layout_basic, nicolae_tso_besieged_by_evil,
          hellmonk_ecumenical_altar_lost_god, gammafunk_ghost_gnarly_gnolls

Skill      XL: |  1  2  3 |
---------------+----------+-----
Axes           | 5 |  5.1
Armour         | 1 |  1.4
Dodging        | 2 |  2.0
Fighting       | |  2.8
Stealth        | |  0.5
Spellcasting   | |  1.6
Conjurations   | |  3.2

Action                     |  1- 3 |  4- 6 || total
---------------------------+-------+-------++-------
  Melee: Hand axe          |   120 |    18 ||   138
    Use: Potion            |     1 |       ||     1
         Scroll            |     1 |     1 ||     2
 Armour: Leather armour    |    38 |     1 ||    39
  Dodge: Dodged            |    74 |    12 ||    86
